Cogmind - Beta 13 @@@ ROGUE MODE // 2024.04.28 @ 06:21:01 // Winter2019/RPGLIKE Player: TheEpicPerson Result: Destroyed by G-47 Trooper with Particle Gun Performance ------------- Evolutions (2) 1000 Regions Visited (5) 1000 Robots Destroyed (56) 280 Value Destroyed (928) 928 Prototype IDs (27) 540 Alien Tech Used (0) 0 Bonus (300) 300 TOTAL SCORE: 4048 Bonus ------- Aligned with FarCom 300 Cogmind --------- Core Integrity 0/750 Matter 300/300 Energy 160/160 System Corruption 0% Temperature Cool (9) Movement Flying (40) Location -8/Materials Parts ------- > --- POWER (1) -------- Light Nuclear Core > --- PROPULSION (1) --- Flight Unit > --- UTILITY (3) ------ Improved Signal Interpreter Weapon Shielding > --- WEAPON (1) ------- Makeshift Hammer > --- INVENTORY (1) ---- Rocket Launcher Peak State ------------ > --- POWER ------------ Light Nuclear Core > --- PROPULSION ------- Flight Unit > --- UTILITY ---------- Improved Signal Interpreter Weapon Shielding > --- WEAPON ----------- Makeshift Hammer > --- INVENTORY -------- Rocket Launcher [Rating: 12] Favorites ----------- Power Light Nuclear Core Engine Ion Engine Power Core Light Nuclear Core Propulsion Flight Unit Flight Unit Flight Unit Utility Weapon Shielding Processor Improved Signal Interpreter Protection Weapon Shielding Weapon Makeshift Hammer Ballistic Gun Assault Rifle Impact Weapon Makeshift Hammer Build | -11 -10 -10 -10 -9 -8 ------- Run | Yrd Mat Min Exi Min Mat Slots Evolved 2 | 1 . . . . 1 Power . | . . . . . . Propulsion . | . . . . . . Utility 2 | 1 . . . . 1 Weapon . | . . . . . . Parts Attached 13 | . 5 5 . . 3 Power 2 | . . 1 . . 1 Engine . | . . . . . . Core 2 | . . 1 . . 1 Reactor . | . . . . . . Propulsion 1 | . . . . . 1 Treads . | . . . . . . Leg . | . . . . . . Wheel . | . . . . . . Hover . | . . . . . . Flight 1 | . . . . . 1 Utility 8 | . 4 3 . . 1 Device . | . . . . . . Storage . | . . . . . . Processor 1 | . . . . . 1 Hackware . | . . . . . . Protection 7 | . 4 3 . . . Artifact . | . . . . . . Weapon 2 | . 1 1 . . . Energy Gun . | . . . . . . Energy Cannon . | . . . . . . Ballistic Gun 1 | . 1 . . . . Ballistic Cannon . | . . . . . . Launcher . | . . . . . . Special Weapon . | . . . . . . Impact Weapon 1 | . . 1 . . . Slashing Weapon . | . . . . . . Piercing Weapon . | . . . . . . Special Melee Weapon . | . . . . . . Unidentified Prototypes . | . . . . . . Parts Lost 1 | . . 1 . . . Power . | . . . . . . Propulsion . | . . . . . . Utility 1 | . . 1 . . . Weapon . | . . . . . . Highest Loss Streak 1 | . . 1 . . . To Critical Strikes . | . . . . . . Average Slot Usage (%) 79 | . 74 77 80 80 84 Engine 6 | . 20 5 . . . Core 13 | . . 14 20 20 18 Flight 2 | . . . . . 10 Processor 3 | . . . . . 15 Protection 33 | . 34 37 40 40 21 Ballistic Gun 5 | . 20 1 . . . Impact Weapon 13 | . . 18 20 20 18 Naked Turns . | . . . . . . Heaviest Build 12 | 6 9 12 10 10 10 Greatest Support 14 | 13 13 13 13 13 14 Greatest Overweight (x) . | . . . . . . Average Overweight (x) . | . . . . . . Largest Inventory Capacity 1 | 1 1 1 1 1 1 Average Capacity 1 | 1 1 1 1 1 1 Most Carried 1 | . 1 1 1 1 1 Average Carried . | . . 1 1 1 1 Final Capacity 1 | 1 1 1 1 1 1 Final Carried 1 | . 1 1 1 1 1 Class Distribution -------------------- 100% | Hacker-Mutant Dominant Class ---------------- Hacker-Mutant | -10/Materials Hacker-Mutant | -10/Mines Hacker-Mutant | -10/Exiles Hacker-Mutant | -9/Mines Hacker-Mutant | -8/Materials Resources | -11 -10 -10 -10 -9 -8 ----------- Run | Yrd Mat Min Exi Min Mat Matter Collected 535 | 200 254 41 . 10 30 Remotely . | . . . . . . Salvage Created 2267 | . 394 425 . 603 845 Parts 50 | . 14 10 . 8 18 Haulers Intercepted 1 | . . . . . 1 Recyclers Shooed 2 | . 1 . . . 1 Parts Field Recycled . | . . . . . . Retrieved Matter . | . . . . . . Parts Self-Destructed . | . . . . . . Prevented . | . . . . . . Kills | -11 -10 -10 -10 -9 -8 ------- Run | Yrd Mat Min Exi Min Mat Combat Hostiles Destroyed 21 | . 6 2 . 2 11 Melee 8 | . . 2 . 1 5 Guns 6 | . 6 . . . . Classes Destroyed 8 | . 2 3 . . 3 Worker 8 | . . 4 . 4 . Builder 7 | . . 3 . . 4 Tunneler 7 | . . 2 . 5 . Hauler 1 | . . . . . 1 Recycler 12 | . 1 2 . 4 5 Swarmer 4 | . . . . . 4 Grunt 16 | . 6 2 . 2 6 Sentry 1 | . . . . . 1 Best Kill Streak 7 | . 2 6 . 7 6 Combat Bots Only 4 | . 2 2 . 2 4 Max Kills in Single Turn 1 | . 1 1 . 1 1 Gunslinging . | . . . . . . Exploded . | . . . . . . Melee 1 | . . 1 . 1 1 Uniques/NPCs Destroyed . | . . . . . . Combat | -11 -10 -10 -10 -9 -8 -------- Run | Yrd Mat Min Exi Min Mat Hostile Shots Fired 110 | . 43 25 . 10 32 Missed 33 | . 11 8 . 6 8 Damage Taken 1013 | . 424 211 . 56 322 Core 772 | . 335 129 . 49 259 Absorbed by Shields . | . . . . . . Redirected to Core 384 | . 159 80 . 8 137 Redirected to Shielding 82 | . 40 16 . 4 22 Core Remaining (%) 60 | 100 . . . 21 . Volleys Fired 68 | . 68 . . . . Largest 1 | . 1 . . . . Hottest 20 | . 20 . . . . Shots Fired 68 | . 68 . . . . Gun 68 | . 68 . . . . Cannon . | . . . . . . Launcher . | . . . . . . Special . | . . . . . . Kinetic 68 | . 68 . . . . Thermal . | . . . . . . Explosive . | . . . . . . Electromagnetic . | . . . . . . Robot Hit Streak 11 | . 11 . . . . Robot Miss Streak 3 | . 3 . . . . Penetration Max . | . . . . . . Secondary Targets . | . . . . . . Shots Hit Robots 118 | . 49 15 . 18 36 Core Hits 30 | . 16 4 . 6 4 Critical Kills 2 | . . 1 . 1 . Critical Parts Destroyed 12 | . . 3 . 3 6 Critical Strikes 14 | . . 4 . 4 6 Smash 14 | . . 4 . 4 6 Melee Attacks 95 | . . 25 . 22 48 Impact 95 | . . 25 . 22 48 Slashing . | . . . . . . Piercing . | . . . . . . Sneak Attacks 29 | . . 9 . 10 10 Combat Hostiles . | . . . . . . Follow-up Attacks . | . . . . . . Damage Inflicted 5391 | . 610 1206 . 1480 2095 Guns 610 | . 610 . . . . Cannons . | . . . . . . Explosions . | . . . . . . Melee 4781 | . . 1206 . 1480 2095 Ramming . | . . . . . . Kinetic 610 | . 610 . . . . Thermal . | . . . . . . Explosive . | . . . . . . Electromagnetic . | . . . . . . Impact 4781 | . . 1206 . 1480 2095 Slashing . | . . . . . . Piercing . | . . . . . . Highest Corruption 2 | . 2 2 2 2 . Average Corruption 2 | . 2 2 2 2 . Corruption Purged . | . . . . . . Corruption Blocked . | . . . . . . Effects 7 | . 1 3 . 3 . Message Errors 3 | . 1 1 . 1 . Matter Fused 1 | . . 1 . . . Heat Flow Errors 1 | . . 1 . . . Data Loss (minor) 1 | . . . . 1 . Alerts 1 | . . . . 1 . Overload Shots . | . . . . . . Overflow Damage 2196 | . . 603 . 664 929 Projectiles . | . . . . . . Explosions . | . . . . . . Melee 2196 | . . 603 . 664 929 Knockbacks 19 | . . 3 . 7 9 Impact 18 | . . 3 . 6 9 Kinetic . | . . . . . . Secondary 1 | . . . . 1 . Self-Inflicted Damage . | . . . . . . Shots . | . . . . . . Rammed . | . . . . . . Targets Rammed . | . . . . . . Kicked . | . . . . . . Crushed . | . . . . . . Highest Temperature 143 | . . 143 . 12 . Average Temperature 60 | . . 65 . 12 . Received Heat Transfer 570 | . 237 141 . 48 144 Siege Activations . | . . . . . . Robots Corrupted . | . . . . . . Combat Hostiles . | . . . . . . Parts Fried 47 | . . 18 . 10 19 Impact Corruptions 74 | . . 20 . 21 33 Robots Melted . | . . . . . . Combat Hostiles . | . . . . . . Parts Melted . | . . . . . . Heat Transferred . | . . . . . . Parts Sabotaged . | . . . . . . Parts Stolen . | . . . . . . Parts Stripped . | . . . . . . Power Chain Reactions . | . . . . . . Alert | -11 -10 -10 -10 -9 -8 ------- Run | Yrd Mat Min Exi Min Mat Peak Influence 357 | . 216 194 . 90 357 Initial 84 | . . 84 . . 35 Average 117 | . 102 149 . 31 177 Maximum Alert Level 1 | . 1 . . . 1 Low Security (%) 81 | 100 80 100 . 100 52 Level 1 18 | . 19 . . . 47 Level 2 . | . . . . . . Level 3 . | . . . . . . Level 4 . | . . . . . . Level 5 . | . . . . . . High Security . | . . . . . . Max Security . | . . . . . . Squads Dispatched 3 | . 2 . . . 1 Investigation 1 | . 1 . . . . Extermination . | . . . . . . Reinforcement 2 | . 1 . . . 1 Assault . | . . . . . . Garrison . | . . . . . . Intercept . | . . . . . . Searches Triggered . | . . . . . . Construction Impeded . | . . . . . . Haulers Reinforced . | . . . . . . Active Scanning Responses . | . . . . . . Cargo Convoy Interrupts . | . . . . . . Stealth | -11 -10 -10 -10 -9 -8 --------- Run | Yrd Mat Min Exi Min Mat Distress Signals 3 | . . . . 1 2 Communications Jammed . | . . . . . . Distress Signals . | . . . . . . Times Spotted 28 | . 10 2 . 2 14 Peak Tracking Total 4 | . 4 2 . 2 4 Tactical Retreats 1 | . 1 . . . . Traps | -11 -10 -10 -10 -9 -8 ------- Run | Yrd Mat Min Exi Min Mat Traps Triggered 1 | . 1 . . . . Indirectly . | . . . . . . Trap Hack Attempts . | . . . . . . Triggered . | . . . . . . Disarmed . | . . . . . . Reprogrammed . | . . . . . . Reused . | . . . . . . Traps Extracted . | . . . . . . Installed . | . . . . . . Triggered . | . . . . . . Machines | -11 -10 -10 -10 -9 -8 ---------- Run | Yrd Mat Min Exi Min Mat Machines Disabled . | . . . . . . Max in Single Turn . | . . . . . . Machines Repaired . | . . . . . . Machines Dismantled . | . . . . . . Machines Sabotaged . | . . . . . . Overloaded Fab Kills . | . . . . . . Hacking | -11 -10 -10 -10 -9 -8 --------- Run | Yrd Mat Min Exi Min Mat Machines Accessed 6 | . 3 . 1 . 2 Terminals 4 | . 2 . . . 2 Fabricators . | . . . . . . Repair Stations . | . . . . . . Recycling Units 1 | . 1 . . . . Scanalyzers . | . . . . . . Garrison Access . | . . . . . . Total Hacks 25 | . 12 . 1 . 12 Successful 19 | . 8 . 1 . 10 Failed 6 | . 4 . . . 2 Catastrophic . | . . . . . . Database Lockouts . | . . . . . . Manual 19 | . 9 . 1 . 9 Terminals 23 | . 11 . . . 12 Fabricators . | . . . . . . Repair Stations . | . . . . . . Recycling Units 1 | . 1 . . . . Scanalyzers . | . . . . . . Garrison Access . | . . . . . . Terminal Hacks 12 | . 5 . 1 . 6 Prototype ID Bank 2 | . 1 . . . 1 Branch Access Points 1 | . . . . . 1 Terminal Index 2 | . 1 . . . 1 Alert Level 1 | . . . . . 1 Locate Traps 1 | . 1 . . . . Transport Status 1 | . 1 . . . . Hauler Manifests 2 | . 1 . . . 1 Zone Layout 1 | . . . . . 1 Derelict Proto ID Bank 1 | . . . 1 . . Fabricator Hacks . | . . . . . . Repair Station Hacks . | . . . . . . Recycling Unit Hacks . | . . . . . . Scanalyzer . | . . . . . . Garrison Access Hacks . | . . . . . . Unauthorized Hacks 7 | . 3 . . . 4 Terminals 6 | . 2 . . . 4 Track 3 | . 1 . . . 2 Botnet 3 | . 1 . . . 2 Fabricators . | . . . . . . Repair Stations . | . . . . . . Recycling Units 1 | . 1 . . . . Tunnel 1 | . 1 . . . . Scanalyzers . | . . . . . . Garrison Access . | . . . . . . Data Cores Recovered . | . . . . . . Used . | . . . . . . Hacking Detections 4 | . 2 . . . 2 Full Trace Events . | . . . . . . Feedback Events . | . . . . . . Feedback Blocked . | . . . . . . Robot Schematics Acquired . | . . . . . . Robots Built . | . . . . . . Authchips . | . . . . . . Time . | . . . . . . Total Robot Build Rating . | . . . . . . Part Schematics Acquired . | . . . . . . Parts Built . | . . . . . . Authchips . | . . . . . . Time . | . . . . . . Total Part Build Rating . | . . . . . . Parts Repaired . | . . . . . . Time . | . . . . . . Parts Recycled . | . . . . . . Recycled Matter . | . . . . . . Retrieved Matter . | . . . . . . Retrieved Components . | . . . . . . Parts Scanalyzed . | . . . . . . Part Schematics Acquired . | . . . . . . Parts Damaged . | . . . . . . Bothacking | -11 -10 -10 -10 -9 -8 ------------ Run | Yrd Mat Min Exi Min Mat Used RIF Installer . | . . . . . . Robots Hacked . | . . . . . . Non-combat . | . . . . . . Combat . | . . . . . . Robot Hacks Applied . | . . . . . . Relay Couplers Released . | . . . . . . Fabnet Peak Effective % . | . . . . . . Robots Rewired . | . . . . . . Allies Hacked . | . . . . . . Hacks Repelled . | . . . . . . Allies | -11 -10 -10 -10 -9 -8 -------- Run | Yrd Mat Min Exi Min Mat Total Allies 4 | . . . . 4 . Largest Group 4 | . . . . 4 . Highest-Rated Group 71 | . . . . 71 . Highest-Rated Ally 31 | . . . . 31 . Total Orders . | . . . . . . Ally Attacks 22 | . . . . 22 . Total Damage 292 | . . . . 292 . Kills 5 | . . . . 5 . Allies Corrupted . | . . . . . . Allies Melted . | . . . . . . Intel | -11 -10 -10 -10 -9 -8 ------- Run | Yrd Mat Min Exi Min Mat Robot Analysis Total . | . . . . . . Derelict Logs Recovered 3 | . . 2 . 1 . Drone Launches . | . . . . . . Drone Recoveries . | . . . . . . Exploration | -11 -10 -10 -10 -9 -8 ------------- Run | Yrd Mat Min Exi Min Mat Turns Passed 1334 | 1 348 267 112 268 338 Spaces Moved 1655 | 1 316 385 224 425 304 Core 1562 | 1 316 385 224 425 211 Treads . | . . . . . . Legs . | . . . . . . Wheels . | . . . . . . Hover . | . . . . . . Flight 93 | . . . . . 93 Fastest Speed 40 | 50 50 50 50 50 40 Average Speed 49 | 50 50 50 50 50 46 Slowest Speed 50 | 50 50 50 50 50 50 Overloaded Moves . | . . . . . . Propulsion Burnouts . | . . . . . . Robots Hopped 1 | . . . . . 1 Cave-ins Triggered . | . . . . . . Exploration Rate (%) 47 | 2 55 77 62 74 17 Regions Visited 5 Branch Regions 3 Pre-discovered Areas 2 | . 1 1 . . . Known Exits Taken . | . . . . . . Unknown Exits Taken 5 | 1 1 1 1 1 . Scrap Searched 3 | . . 1 . 2 . Spaces Dug 5 | . . . . . 5 Terrain Destroyed 5 | . . . . . 5 Melee 5 | . . . . . 5 Projectile . | . . . . . . AOE . | . . . . . . Terrain Rammed . | . . . . . . Walls Destroyed . | . . . . . . Machines Disabled . | . . . . . . Actions | -11 -10 -10 -10 -9 -8 --------- Run | Yrd Mat Min Exi Min Mat Total 2002 | 1 436 433 223 458 451 Wait 166 | . 46 16 . 10 94 Move 1648 | . 315 384 223 424 302 Hop 1 | . . . . . 1 Pick Up 1 | . . . . 1 . Fast Attach 7 | . 2 3 . . 2 Attach . | . . . . . . Detach . | . . . . . . Swap 6 | . 3 2 . . 1 Drop 9 | 1 2 3 . 1 2 Fire 68 | . 68 . . . . Melee 95 | . . 25 . 22 48 Ram . | . . . . . . Kick . | . . . . . . Crush . | . . . . . . Escape Stasis . | . . . . . . Rewire . | . . . . . . Trap . | . . . . . . Miscellaneous 1 | . . . . . 1 Route ------- -11/Scrapyard -10/Materials (discovered 2 exits: [*Mat] / [*Min]) -10/Mines (discovered 3 exits: [*Mat x2] / *Exi) -10/Exiles (discovered 2 exits: [*Min x2]) -9/Mines -8/Materials (discovered 2 exits: Fac / Sto) History --------- Turn | Location | Event 1 | -11/Scrapyard | Upgraded with Utility slot (x1) 2 | -11/Scrapyard | Discovered new exit (range 0) 2 | -11/Scrapyard | Entered Materials 223 | -10/Materials | Discovered new exit (range 10) 245 | -10/Materials | Core integrity fell below 50% 288 | -10/Materials | Discovered new exit (range 7) 304 | -10/Materials | Build established: Hacker-Mutant 350 | -10/Materials | Entered Mines 376 | -10/Mines | A weapon hastily lodged in a ceiling crevice suddenly fell to the ground 416 | -10/Mines | Reached level 2 486 | -10/Mines | Discovered new exit (range 14) 495 | -10/Mines | Learned location of Mines (-9) 559 | -10/Mines | Deemed a non-threat by the Exiles lab entrance 559 | -10/Mines | Discovered new exit (range 5) 569 | -10/Mines | Learned location of 1 exit from Materials 575 | -10/Mines | Discovered new exit (range 12) 617 | -10/Mines | Entered Exiles 624 | -10/Exiles | Discovered new exit (range 15) 634 | -10/Exiles | Met 8R-AWN 642 | -10/Exiles | Met EX-HEX 656 | -10/Exiles | Met EX-BIN 665 | -10/Exiles | Aligned with FarCom system 665 | -10/Exiles | Given EX-Vault access code 678 | -10/Exiles | Opened EX-Vault 689 | -10/Exiles | Warned to stay clear of 0b10 Research branches 707 | -10/Exiles | Met EX-DEC 725 | -10/Exiles | Discovered new exit (range 10) 729 | -10/Exiles | Entered Mines 738 | -9/Mines | Received a Mining Laser from a helpful Derelict 782 | -9/Mines | Learned 2 Materials zone layouts 856 | -9/Mines | Assisted by bots powering up and referring to "LRC-V3" 868 | -9/Mines | Assembled infested the area 873 | -9/Mines | Assisted by a Guerilla fighting off Assembled 987 | -9/Mines | Discovered new exit (range 6) 994 | -9/Mines | Received a Rocket Launcher from a helpful Derelict 997 | -9/Mines | Entered Materials 998 | -8/Materials | Identified exit to Factory 998 | -8/Materials | Core integrity fell below 50% 999 | -8/Materials | Reached level 3 1022 | -8/Materials | Identified exit to Storage 1127 | -8/Materials | Reached level 4 1180 | -8/Materials | Upgraded with Utility slot (x1) 1206 | -8/Materials | Core integrity fell below 20% 1335 | -8/Materials | Destroyed by G-47 Trooper with Particle Gun Last Messages --------------- 01305_ Destroyed Tractor Beam. 01305_ R-06 Scavenger system corrupted by crushing effect. 01306_ R-06 Scavenger system terminally corrupted. 01306_ Com. Wheel fried. 01310_ R-06 Scavenger collects Corrupted Lgt. Assault Rifle. 01313_ G-47 Trooper suffers critical hit (Smash). 01313_ Destroyed Aluminum Leg. 01313_ G-47 Trooper system corrupted by crushing effect. 01313_ G-47 Trooper knocked back. 01313_ R-06 Scavenger collects Lgt. Assault Rifle. 01317_ G-47 Trooper destroyed. 01317_ R-06 Scavenger collects Corrupted Aluminum Leg. 01320_ Sneak attack on R-06 Scavenger. 01320_ R-06 Scavenger destroyed. 01332_ Destroyed Lgt. Nuclear Core. 01332_ G-47 Trooper system corrupted by crushing effect. 01333_ G-47 Trooper IFF system glitched. 01334_ Destroyed Particle Gun. 01334_ G-47 Trooper system corrupted by crushing effect. 01334_ G-47 Trooper knocked back. Map ----- +----------------------------------------------------+ | ???????????????????????????????????????????????? | | ???????????????????????????????????????????????? | | ???????????????????????????????????????????????? | | ???????????????????????????????????????????????? | | ???????????????????????????????????????????????? | | ???????????????????????????????????????????????? | | ???????????????????????????????????????????????? | | ???????????????????????????????????????????????? | | ???????????????????????????????????????????????? | | ?????????????????????????????? ??????????????? | | ???????????????????????????? ??????????????? | | ??????????????????????????? ??????????????? | | ??????????????????????????? ??????????????? | | ???????????????????????????# #?????????????? | | ???????????????????????????# #?????????????? | | # ###############???## #?????????????? | | # #????????# ! "T" + +?????????????? | | ##### #????????# # #?????????????? | | ###???# #????????# """ """ # #?????????????? | | ??????# #????????# """ """ # #?????????????? | | ??????# #????????# """ """ # #?????????????? | | ??????# #######??# # #?????????????? | | ??????# # #??# [ # #?????????????? | | ??????# # #??# =%! # #?????????????? | | ####### # #??#######+### ###???????????? | | + #???# %%@ #[ #"#########???? | | # #???# """%* #% # #???? | | # #???#""""" = # # """ """ #???? | | # #???#"""""!%[# # """ """ #???? | | ###############???#"""""=[g#% w # """ """ #???? | | ??????????????????# """ %+%% + #???? | | ??????????????????# %%#[[= # ! #???? | | ??????????????????# #=% # #???? | | ?????????????????##% #[ # ! [ #???? | | ##########???????########### ###########???? | | #???????## % # #?????????????? | | """ """ #????????# """"" # ###########???? | | """ """ #????????# """"" + ##[ | #??? | | """ """ #????????# """"" # ## #??? | | #????????# """"" # ## """ """ #??? | | ??????????????????# """"" ]# ## """ """ #??? | | ??????????????????# """"" # ## """ """ #??? | | ??????????????????# """"" !# ## #??? | | ?????????????????## # r## #??? | | ?????????????????#"######### ## "T" #??? | | ?????????????????###???????# ######+#####??? | | ?????????????????########### #??# #????? | | ?????????????????# # #??# #????? | | ?????????????????# # #??# #????? | | ?????????????????# # #### #????? | +----------------------------------------------------+ Best States ------------- Heat Dissipation 25 Energy Generation 19 Energy Capacity 250 Matter Stores 300 Matter Capacity 300 Sight Range 16 Terrain Scan Density 10 Armor Coverage 150 Weapon Shielding 33 Evasion (%) 62 Offensive Hacking 20 Defensive Hacking 10 Item Schematics ----------------- None Robot Schematics ------------------ None Fabricated ------------ Nothing Alien Tech Used ----------------- None Achievements -------------- None Challenges ------------ None RPGLIKE | -11 -10 -10 -10 -9 -8 --------- Run | Yrd Mat Min Exi Min Mat Levels Raised 3 | . . 1 . . 2 XP Earned 8535 | 3000 900 750 350 750 2785 XP Spent 6755 | 2750 . 1725 . . 2280 Upgrades 19 | 8 . 6 . . 5 Utility Slot 2 | 1 . . . . 1 Core Integrity 3 | . . 1 . . 2 Energy Generation 1 | . . 1 . . . Mass Support 2 | 2 . . . . . Inventory Capacity 1 | 1 . . . . . Melee Accuracy 4 | . . 4 . . . Hack Attack % 4 | 2 . . . . 2 Hack Defense % 2 | 2 . . . . . Protomatter Created 125 | . 41 . . . 84 Integrity Restored 12 | . . . . . 12 Core 12 | . . . . . 12 Protomatter Decayed 80 | . . . . 40 40 Game ------ Seed TachyonStructuralRedirector Manual? 0 Play Time 00:20:23 Cumulative 31.7 hours Start 2024.04.28 @ 06:02:29 End 2024.04.28 @ 06:21:01 Sessions 1 Manual Loads 0 Difficulty Rogue Special Mode Winter2019/RPGLIKE Game No. 15 Rogue 12 Adventurer 3 Explorer 0 Win Type - Total 3 Types 3/0/0/0/0/0/0/0/0 Lore% 46 Gallery% 43 Achievement% 38 Wizard Run 0 Options --------- Layout 0 ASCII 0 Keyboard 0 Movement Numpad Keybinds 0 Fullscreen 1 Font 18/SmallcapsGlow Map View 76x50 Zoom Use 0% Tactical HUD 1 Map Filters NONE Filters NONE Steam 1 RUN: 5e5ee48d-501a-4438-9877-fa0c22f7a35c